[Event "2nd Doppelbauer Kiel GM 2022"]
[Site "Kiel"]
[Date "2022.06.30"]
[Round "1.1"]
[White "Bogner, Sebastian"]
[Black "Parvanyan, Ashot"]
[Result "1-0"]
[ECO "C78"]
[WhiteElo "2553"]
[BlackElo "2455"]
[Annotator "TA"]
[PlyCount "77"]
[EventDate "2022.06.30"]
[EventType "tourn"]
[EventCountry "GER"]
[SourceTitle "playchess.com"]
[Source "ChessBase"]
[SourceQuality "1"]
[TimeControl "40/5400+30:1800+30"]

1. e4 e5 2. Nf3 Nc6 3. Bb5 a6 4. Ba4 Nf6 5. O-O b5 6. Bb3 Bc5 7. c3 d6 8. a4 Rb8 9. d4 Bb6 10. a5 {C78: Ruy Lopez: Archangelsk and Möller Defences.} Ba7 (10... Nxa5 11. Rxa5 Bxa5 12. dxe5 $14) (10... Bxa5 $2 11. dxe5 (11. d5 Ne7 $18) 11... dxe5 12. Qxd8+ Kxd8 13. Bd5 (13. Bxf7 Bb6 $16) 13... Nxd5 14. exd5 $18) 11. h3 O-O 12. Be3 {The position is equal.} exd4 13. cxd4 Nb4 14. Bd2 $5 {[%mdl 4] A promising side line.} Nc6 15. Be3 Nb4 16. Nc3 {16.Nc3 has become a bit dusty these days.} Bb7 17. Bg5 $5 {[%mdl 4] An interesting side line.} (17. Ng5 $11 {is more appropriate.}) 17... h6 $15 18. Bh4 c5 $1 (18... g5 19. Nxg5 hxg5 20. Bxg5 $16) 19. Re1 c4 (19... Re8 $1 $15) 20. Bc2 $11 {[#]} Nxc2 $146 ({Predecessor:} 20... g5 21. Nxg5 hxg5 22. Bxg5 Nxc2 23. Qxc2 b4 24. Nd5 Bxd5 25. exd5 Bxd4 26. Qxc4 Bxb2 27. Rab1 Bc3 28. Qh4 Re8 29. Rxe8+ Qxe8 30. Bxf6 Bxf6 31. Qxf6 {1-0 (74) Jakovenko,D (2681)-Jones,G (2688) Khanty-Mansiysk 2019}) 21. Qxc2 Re8 22. d5 ({White should try} 22. Rad1 $11) 22... g5 $1 $15 23. Bg3 b4 24. Na4 Rc8 25. Kh1 $1 Qd7 26. Nb6 Bxb6 27. axb6 b3 28. Qb1 c3 29. bxc3 Rxc3 30. Nd4 {Black must now prevent Nf5.} Rxe4 31. Rxe4 $14 Bxd5 $2 {[#] A mistake that costs the game.} ({Better is} 31... b2 $1 $14 32. Qxb2 Nxe4) 32. f3 $1 $18 ({Avoid the trap} 32. b7 $2 Bxb7 33. f3 Nxe4 $19) 32... Bxe4 (32... Rxf3 {keeps fighting.} 33. Nxf3 Nxe4) 33. Qb2 {White is clearly winning.} Rd3 34. fxe4 Nxe4 (34... Rxg3 $2 35. Nf5 Ne8 36. Nxg3) 35. Be1 g4 (35... Nc5 $142 36. Bb4 Ne4) 36. hxg4 {[#] Nf5 is the strong threat.} h5 37. Nf5 f6 38. Qe2 b2 39. Qxb2 {[%emt 0:19:04] Weighted Error Value: White=0.08 (flawless) /Black=0.27 (precise)} 1-0

[Event "2nd Doppelbauer Kiel GM 2022"]
[Site "Kiel"]
[Date "2022.06.30"]
[Round "1.2"]
[White "Horvath, Dominik"]
[Black "Ernst, Sipke"]
[Result "1/2-1/2"]
[ECO "C50"]
[WhiteElo "2482"]
[BlackElo "2547"]
[Annotator "TA"]
[PlyCount "41"]
[EventDate "2022.06.30"]
[EventType "tourn"]
[EventCountry "GER"]
[SourceTitle "playchess.com"]
[Source "ChessBase"]
[SourceQuality "1"]
[TimeControl "40/5400+30:1800+30"]

1. e4 e5 2. Nf3 Nc6 3. Bc4 Nf6 4. d3 Bc5 5. Nc3 a6 6. Bg5 h6 {C50: Hungarian Defence and Giuoco Pianissimo.} 7. Bxf6 Qxf6 8. Nd5 Qd8 9. c3 O-O 10. d4 exd4 11. cxd4 Ba7 12. O-O b5 13. Bb3 {[#]} Ne7 $146 ({Predecessor:} 13... Na5 14. Re1 Bb7 15. a4 c6 16. Ne3 Nxb3 17. Qxb3 Qf6 18. axb5 axb5 19. Nf5 d6 {1-0 (31) Padsha,S (1249)-Van Alphen,J (1558) IECC email 2004}) 14. Ne5 Nc6 15. Rc1 Nxd4 (15... Nxe5 $11 16. dxe5 (16. Nxc7 Nc4 $17) 16... c5) 16. Nxc7 (16. Rxc7 $14 Ne6 {[#]} 17. Qh5 $1) 16... Rb8 $1 $11 {The position is equal.} 17. Ng6 Qg5 $1 18. Nxf8 {[%cal Og1h1] Kh1! is the strong threat. Dancing on a razor blade. Pair of Knights!} Qxc1 $1 {[%mdl 64] [#] Decoy} 19. Qxc1 ({But not} 19. Bxf7+ $2 Kxf8 20. Qxc1 (20. Ne6+ $2 dxe6 21. Qxc1 Ne2+ 22. Kh1 Nxc1 $19) 20... Ne2+ 21. Kh1 Nxc1 22. Rxc1 Kxf7 $19) 19... Ne2+ 20. Kh1 Nxc1 21. Rxc1 {An interesting draw.  Weighted Error Value: White=0.12 (very precise) /Black=0.10 (very precise)} 1/2-1/2

[Event "2nd Doppelbauer Kiel GM 2022"]
[Site "Kiel"]
[Date "2022.06.30"]
[Round "1.4"]
[White "Pajeken, Jakob Leon"]
[Black "Farokhi, Keyvan"]
[Result "1-0"]
[ECO "D74"]
[WhiteElo "2398"]
[BlackElo "2360"]
[Annotator "TA"]
[PlyCount "47"]
[EventDate "2022.06.30"]
[EventType "tourn"]
[EventCountry "GER"]
[SourceTitle "playchess.com"]
[Source "ChessBase"]
[SourceQuality "1"]
[TimeControl "40/5400+30:1800+30"]

1. Nf3 Nf6 2. g3 g6 3. Bg2 d5 4. c4 Bg7 5. O-O O-O 6. cxd5 Nxd5 7. d4 Nb6 8. e4 Nc6 9. d5 Na5 10. Qe1 Nac4 11. Nc3 e6 12. Bg5 {D74: Fianchetto Grünfeld: Main Line (5 Nf3 0-0 6 cxd5 Nxd5 7 0-0).} Qe8 (12... f6 $11 13. Bc1 exd5) 13. b3 $16 {[%cal Bb2b3,Bb3c4][%mdl 32] [#]} exd5 $146 (13... f6 $14) ({Predecessor:} 13... Nd6 14. e5 exd5 15. exd6 Qxe1 16. Raxe1 Bxc3 17. Rc1 d4 18. dxc7 Bf5 19. Bf6 Bd3 20. Bxd4 Bxf1 21. Kxf1 {1-0 (32) Mkrtchyan,M (2300)-Khachatryan,V (2007) Yerevan 2022}) 14. bxc4 $18 {White is clearly better.} dxe4 {[#]} (14... h6) 15. Nxe4 $1 Bxa1 $2 (15... Qe6 16. Rc1 Nxc4) (15... Qc6 16. Nfd2) 16. Qxa1 {Intending Nf6+ and mate.} Qxe4 17. Bh6 f6 18. Bxf8 {This bishop pair is nice.} Bg4 {[#]} 19. Bh6 $1 Qf5 {[#]} (19... g5 20. Qxf6) 20. Ng5 $1 {[%cal Of1e1][%mdl 512] Hoping for Re1!} Nxc4 (20... Qe5 21. Qxe5) 21. Qd4 Nd6 22. Bd5+ Kh8 23. Be6 (23. Re1 $142 Bh3 24. g4 Bxg4 25. Re7 Qb1+ 26. Kg2 Bh3+ 27. Nxh3 Qe4+ 28. Qxe4 Rg8 29. Qe6 Nf7 30. Qxf7 g5 31. Qxg8#) 23... Qe5 24. Qxe5 {Black did not feel at home in the position after the opening.  Weighted Error Value: White=0.04 (flawless) /Black=1.29} 1-0

[Event "2nd Doppelbauer Kiel GM 2022"]
[Site "Kiel"]
[Date "2022.06.30"]
[Round "1.5"]
[White "Hacker, Jonas"]
[Black "Teclaf, Pawel"]
[Result "1/2-1/2"]
[ECO "B52"]
[WhiteElo "2396"]
[BlackElo "2537"]
[Annotator "TA"]
[PlyCount "94"]
[EventDate "2022.06.30"]
[EventType "tourn"]
[EventCountry "GER"]
[SourceTitle "playchess.com"]
[Source "ChessBase"]
[SourceQuality "1"]
[TimeControl "40/5400+30:1800+30"]

1. e4 c5 2. Nf3 d6 3. Bb5+ Bd7 4. Bxd7+ Nxd7 5. O-O Ngf6 6. Qe2 e6 7. c4 Rc8 8. b3 a6 9. d4 cxd4 10. Nxd4 Qa5 11. Bb2 Be7 12. Nc3 O-O 13. Kh1 {B52: Sicilian: Moscow Variation with 3...Bd7.} Qh5 {[#]} 14. f3 $146 ({Predecessor:} 14. Qxh5 Nxh5 15. Rad1 g5 16. Nde2 Rfd8 17. f3 Ne5 18. Rd2 Rb8 19. Nd4 Nf6 20. Rfd1 Ne8 21. g3 Nc7 22. f4 Ng6 23. Nce2 h6 24. Kg2 {½-½ (24) Krause,B (1960)-Moritz,A (2163) Oberhof 2012}) 14... Rfe8 15. Qd2 {White has an edge.} Bd8 16. Nde2 Bc7 17. g3 Bb8 18. Rad1 Ne5 19. Nf4 Qh6 20. Nd3 Qxd2 21. Rxd2 Nc6 22. Kg2 Red8 23. Rfd1 d5 24. cxd5 (24. Nc5 {looks sharper.} dxc4 25. Rxd8+ Rxd8 26. bxc4 Ba7 27. Rxd8+ Nxd8 28. Nd3) 24... exd5 25. Nc5 dxe4 $1 26. N3xe4 (26. fxe4 {seems wilder.} Rxd2+ 27. Rxd2 Be5 28. Nd5) 26... Nxe4 27. fxe4 Rxd2+ 28. Rxd2 Nd8 29. Rd7 Kf8 30. Nxb7 Nxb7 31. Rxb7 $11 {[%mdl 4096] Endgame White wants to play Kf3. KRB-KRB} Rc2+ 32. Kf3 Rxb2 33. Rxb8+ {KR-KR} Ke7 34. Rb7+ Ke8 35. a4 {[%cal Ba2a4,Ba4a5][%mdl 32] And now h4 would win.} Rxh2 36. a5 Ra2 37. b4 h5 38. Kf4 Ra3 $1 39. Rb6 Rb3 40. Rb7 Ra3 41. e5 (41. Ke5 $16) 41... g5+ $2 (41... g6 $11) 42. Kxg5 $18 Rxg3+ {[#]} 43. Kh4 $2 ({Don't play} 43. Kxh5 $6 Re3 $14) ({White must play} 43. Kf5 $1 $18 {b5 is the strong threat.} Ra3 44. Rb6) 43... Rg4+ $11 {The position is equal.} 44. Kh3 {Hoping for b5.} Rg6 $1 45. Ra7 Re6 46. Ra8+ Kd7 47. Ra7+ Kc8 {Weighted Error Value: White=0.19 (very precise) /Black=0.17 (very precise)} 1/2-1/2

[Event "2nd Doppelbauer Kiel GM 2022"]
[Site "Kiel"]
[Date "2022.06.30"]
[Round "2.1"]
[White "Parvanyan, Ashot"]
[Black "Teclaf, Pawel"]
[Result "0-1"]
[ECO "D23"]
[WhiteElo "2455"]
[BlackElo "2537"]
[Annotator "TA"]
[PlyCount "118"]
[EventDate "2022.06.30"]
[EventType "tourn"]
[EventCountry "GER"]
[SourceTitle "playchess.com"]
[Source "ChessBase"]
[SourceQuality "1"]
[TimeControl "40/5400+30:1800+30"]

1. Nf3 Nf6 2. c4 c6 3. d4 d5 4. Qb3 dxc4 5. Qxc4 Bf5 6. g3 e6 7. Bg2 Nbd7 8. O-O Be7 9. e3 O-O {[%emt 0:00:18] D23: Queen's Gambit Accepted: 3 Nf3 Nf6 sidelines.} 10. Qe2 {[%emt 0:00:05] 10.Qe2 is better than 10.Rd1.} Bg6 11. Nc3 Ne4 {[%emt 0:07:47] The position is equal.} 12. Nd2 Nxc3 13. bxc3 Qa5 14. Bb2 Nb6 {[%emt 0:00:19] [#]} 15. a4 $146 ({Predecessor:} 15. Nb3 Qa4 16. e4 Rfe8 17. Rfe1 Nc4 18. Bc1 b5 19. h4 h6 20. h5 Bh7 21. f4 {1-0 (45) Janzelj,T (2395)-Nikolova,A (2272) Deutschlandsberg 2019}) 15... Nxa4 16. c4 a6 17. Nb3 Qb6 18. Ba3 $1 Qxb3 19. Bxe7 {[%emt 0:00:15] [#] Hoping for Ra3.} Rfe8 20. Ra3 Qb2 21. Qxb2 Nxb2 22. Rb3 Rxe7 23. Rxb2 Kf8 24. d5 {[%emt 0:03:08] White is on the road to losing.} (24. Ra1 $15) 24... exd5 $17 25. cxd5 cxd5 26. Bxd5 Rd8 27. Bf3 (27. e4 $142) 27... b5 28. Ra1 Rd6 29. Rba2 Ra7 {[%emt 0:03:17] Black is more active.} 30. Rc1 (30. Kf1 {is a better defense.}) 30... Bd3 31. Rc8+ Ke7 {[%emt 0:00:04] White must now prevent ...a5.} 32. e4 (32. Ra5 {was the only chance.}) 32... Bc4 33. Ra5 Rb6 34. e5 Be6 35. Rc2 b4 36. Be2 (36. Rb2 $142) 36... b3 $19 37. Rb2 Rc7 38. Bd3 {[%emt 0:01:50] Prevents Rc2.} Rc3 39. Be4 g6 40. Kg2 h5 41. h4 Rb5 42. Rxa6 Rxe5 43. Ba8 Re1 {[%emt 0:06:42] Inhibits Ra1.} 44. Bb7 Bc4 {[%emt 0:02:10] Threatens to win with ...Bf1+.} 45. Rb6 Rec1 46. Rb4 Be6 47. Be4 Kf6 48. Rb5 Bc4 49. Rb4 Ke5 50. Bb7 Be6 51. Bf3 Ra1 52. Rb5+ $2 (52. Rd2 {was necessary.}) 52... Kd4 {[%emt 0:01:52] Strongly threatening ...Bc4.} 53. Re2 {[%emt 0:05:39] [#]} Rxf3 $1 54. Rxe6 (54. Kxf3 Bg4+) 54... fxe6 {[%emt 0:00:11] Black mates.} 55. Kxf3 {[%emt 0:00:03] KR-KR} Kc3 56. Ke4 b2 57. Ke5 b1=Q 58. Rxb1 Rxb1 59. Kxe6 Kd4 {[%emt 0:00:09] Weighted Error Value: White=0.30/Black=0.08 (flawless)} 0-1

[Event "2nd Doppelbauer Kiel GM 2022"]
[Site "Kiel"]
[Date "2022.06.30"]
[Round "2.2"]
[White "Farokhi, Keyvan"]
[Black "Hacker, Jonas"]
[Result "1/2-1/2"]
[ECO "B45"]
[WhiteElo "2360"]
[BlackElo "2396"]
[Annotator "TA"]
[PlyCount "54"]
[EventDate "2022.06.30"]
[EventType "tourn"]
[EventCountry "GER"]
[SourceTitle "playchess.com"]
[Source "ChessBase"]
[SourceQuality "1"]
[TimeControl "40/5400+30:1800+30"]

1. e4 c5 2. Nf3 e6 3. d4 cxd4 4. Nxd4 Nf6 5. Nc3 Nc6 6. Ndb5 Bc5 7. Nd6+ {[%emt 0:00:29] B45: Sicilian Four Knights.} Ke7 $1 8. Bf4 e5 9. Nf5+ {[%emt 0:00:07] White is slightly better.} Kf8 10. Bg5 d6 11. Bd3 h6 12. Bh4 {[%emt 0:09:28] [#]} (12. Bxf6 $11 Qxf6 13. Nd5) 12... g5 $146 ({Predecessor:} 12... Be6 13. O-O g6 14. Qd2 Bxf5 15. exf5 g5 16. Bg3 Ne7 17. Ne4 Nxf5 18. Nxc5 Nxg3 19. fxg3 dxc5 {1-0 (43) Patrelakis,E (2155)-Panagiotakos,N (2120) Hersonissos 2019}) 13. Bg3 Bxf5 14. exf5 Bb4 (14... d5 $17 {Threatening ...Kg7.} 15. h4 Kg7) 15. h4 $11 {[%emt 0:15:48] aiming for hxg5.} Kg7 16. Kf1 (16. O-O $11) 16... Bxc3 (16... d5 $5 ) 17. bxc3 Qe7 $36 {[%emt 0:02:56][%mdl 2048] Black is pushing.} 18. Rb1 Rac8 19. Qe2 Nd5 ({Better is} 19... g4 $17) 20. Qg4 (20. Qd2 $1 $11 {keeps the balance.}) 20... Nf6 21. Qe2 a6 (21... g4 $17) 22. Kg1 {[%emt 0:03:47] [#]} e4 $1 23. Bc4 d5 24. Qe3 $1 Ng4 {[%emt 0:17:28] Pair of Knights!} ({Resist} 24... dxc4 25. hxg5 Ng4 26. f6+ Kg6 27. fxe7 $16) 25. Qe2 Nf6 $1 (25... dxc4 26. Qxg4 Rce8 27. hxg5 hxg5 28. Rxh8 Rxh8 29. Re1 $16) 26. Qe3 $1 Ng4 ({But not} 26... dxc4 27. hxg5 Ng4 28. f6+ Kg6 29. fxe7 $16) 27. Qe2 {[%emt 0:00:07] Bxa6 is the strong threat.} Nf6 $1 {[%emt 0:04:14] Weighted Error Value: White=0.25 (precise) /Black=0.25 (precise)} ({Much less strong is} 27... dxc4 28. Qxg4 Rce8 29. hxg5 hxg5 30. Rxh8 Rxh8 31. Re1 $16) 1/2-1/2

[Event "2nd Doppelbauer Kiel GM 2022"]
[Site "Kiel"]
[Date "2022.06.30"]
[Round "2.3"]
[White "Meshkovs, Nikita"]
[Black "Pajeken, Jakob Leon"]
[Result "1-0"]
[ECO "A23"]
[WhiteElo "2553"]
[BlackElo "2398"]
[Annotator "TA"]
[PlyCount "69"]
[EventDate "2022.06.30"]
[EventType "tourn"]
[EventCountry "GER"]
[SourceTitle "playchess.com"]
[Source "ChessBase"]
[SourceQuality "1"]
[TimeControl "40/5400+30:1800+30"]

1. c4 e5 2. Nc3 Nf6 3. g3 c6 4. Nf3 e4 5. Nd4 Qb6 6. e3 {[%emt 0:14:50] A23: English Opening: 1...e5 2 Nc3 Nf6 3 g3 c6.} Na6 (6... Bb4 $11) 7. a3 {[%emt 0:02:57] [#]} d5 $146 ({Predecessor:} 7... Be7 8. Qc2 d5 9. Na4 Qd8 10. c5 Nc7 11. b4 O-O 12. Bb2 Ne6 13. Nf5 Ng5 14. Nxe7+ Qxe7 15. Be2 Bg4 16. Qc3 Bf3 17. Bxf3 Nxf3+ 18. Ke2 Qe6 19. h3 d4 20. exd4 Rad8 {0-1 (20) Vermaas,F (1405)-Iacobitz,L (1502) IECG email 2007}) 8. cxd5 {[%emt 0:04:09] White is better.} cxd5 9. Bb5+ Bd7 10. Bxd7+ Kxd7 11. b4 {[%emt 0:01:34] Prevents Bc5.} Bd6 (11... Nc7 $16) 12. Qa4+ (12. Qb3 $18 {has better winning chances.}) 12... Ke7 $16 13. Qb3 Rhe8 14. Nxd5+ Nxd5 15. Qxd5 Kf8 16. Bb2 Re5 (16... Nc7 $16 {keeps fighting.} 17. Qa2 a5) 17. Qc4 (17. Qb3 $18) 17... Nc5 {[%emt 0:03:35] [#] Strongly threatening ...Nd3+.} 18. O-O Nd3 19. Bc3 {[%emt 0:00:00] Threatens to win with f3.} Qd8 $2 (19... Qc7 $16 20. Qxc7 Bxc7) 20. f3 $18 {[%emt 0:00:00] And now fxe4 would win.} Qc8 21. Qxc8+ (21. Qa2 $18 {and White stays clearly on top.}) 21... Rxc8 $16 22. Kg2 g6 23. fxe4 Rxe4 24. Nb5 Bb8 25. Kf3 $36 {[%emt 0:00:00][%mdl 2048] Black is under strong pressure.} f5 ({Black should play} 25... Ree8) 26. Ke2 a6 {[%emt 0:02:54] [#]} (26... Ne5 $16 27. d3 Rg4) 27. Nd4 $1 $18 ({Less strong is} 27. Kxd3 axb5 28. a4 Be5 $16) 27... Ne5 28. Ne6+ Ke7 29. Nc5 Rc4 30. Nxb7 Ng4 31. h3 Nf6 32. Bxf6+ Kxf6 33. Nc5 Rd8 34. Ra2 {[%emt 0:00:00] Against Rc2} Bxg3 35. d4 {[%emt 0:00:00] Weighted Error Value: White=0.19 (very precise) /Black=0.36} ({Weaker is} 35. d3 Rh4 $18) 1-0

[Event "2nd Doppelbauer Kiel GM 2022"]
[Site "Kiel"]
[Date "2022.06.30"]
[Round "2.5"]
[White "Bogner, Sebastian"]
[Black "Horvath, Dominik"]
[Result "1-0"]
[ECO "E34"]
[WhiteElo "2553"]
[BlackElo "2482"]
[Annotator "TA"]
[PlyCount "75"]
[EventDate "2022.06.30"]
[EventType "tourn"]
[EventCountry "GER"]
[SourceTitle "playchess.com"]
[Source "ChessBase"]
[SourceQuality "1"]
[TimeControl "40/5400+30:1800+30"]

1. d4 Nf6 2. c4 e6 3. Nc3 Bb4 4. Qc2 d5 5. cxd5 Qxd5 6. Nf3 Qf5 7. Qb3 {[%emt 0:00:36] Nowadays more popular than 7.Qxf5.} Nc6 {[%emt 0:00:09] E34: Nimzo-Indian: Classical: 4...d5.} 8. Bd2 O-O 9. h3 a5 {[%emt 0:00:17][%cal Oa5a4] The position is equal.} 10. g4 Qg6 11. a3 a4 12. Qd1 Bxc3 13. Bxc3 {[%emt 0:02:13] [#]} Ne4 $146 ({Predecessor:} 13... Nd5 14. Bd2 h6 15. Bg2 Rd8 16. Rc1 Bd7 17. Qc2 Qxc2 18. Rxc2 Be8 19. O-O f6 {½-½ (88) Sarana,A (2654)-Nihal,S (2620) Chess.com INT 2020}) 14. Rc1 (14. Qd3 {is more complex.} f5 15. Rg1 Nxc3 16. Qxc3 fxg4 17. hxg4 e5 18. Nxe5 Nxe5 19. dxe5 Qf7 20. f3) 14... Rd8 (14... e5 $11) 15. Qc2 $1 $14 Nxc3 16. Qxg6 hxg6 17. bxc3 e5 18. e3 Be6 19. Be2 Bd5 20. O-O Bxf3 21. Bxf3 Na5 22. Rc2 c5 23. dxc5 Rac8 24. Rb1 Rxc5 {[%emt 0:08:33] [#]} 25. Rb4 $1 (25. Bxb7 Rb8 26. Rcb2 Nxb7 $15) 25... b5 ({Black should play} 25... Nc4) 26. Be2 $16 Rb8 (26... Nc4 $142) 27. Rcb2 Rxc3 {[%emt 0:00:25] [#]} 28. Rxa4 ({Of course not} 28. Bxb5 $6 Rb3 29. R2xb3 axb3 $11) ({Much less strong is} 28. Rxb5 $6 Rxb5 29. Rxb5 Rc1+ 30. Kg2 Nc4 $16) 28... Nb3 29. Rb4 Nc1 30. Bxb5 Rxa3 (30... e4 {was necessary.} 31. Kg2 (31. Rxe4 Rxa3 32. Kg2 Nd3 $16) 31... Nd3) 31. Bc4 $18 Rxb4 32. Rxb4 {[%emt 0:00:03][%mdl 4096] Endgame KRB-KRN} Ra7 (32... g5 $142 33. Rb8+ Kh7 34. Bxf7 Ra7) 33. Rb1 {[%emt 0:01:38] White is winning.} Na2 34. Ra1 Rc7 35. Bxa2 Ra7 {[%emt 0:00:02] [#]} 36. Bxf7+ $1 Rxf7 37. Ra8+ Kh7 38. Re8 {[%emt 0:00:07] Prevents Re7.  Weighted Error Value: White=0.02 (flawless) /Black=0.20 (precise)} 1-0

[Event "2nd Doppelbauer Kiel GM 2022"]
[Site "Kiel"]
[Date "2022.06.30"]
[Round "3.1"]
[White "Horvath, Dominik"]
[Black "Parvanyan, Ashot"]
[Result "1/2-1/2"]
[ECO "C10"]
[WhiteElo "2482"]
[BlackElo "2455"]
[Annotator "TA"]
[PlyCount "146"]
[EventDate "2022.06.30"]
[EventType "tourn"]
[EventCountry "GER"]
[SourceTitle "playchess.com"]
[Source "ChessBase"]
[SourceQuality "1"]
[TimeControl "40/5400+30:1800+30"]

1. e4 e6 2. d4 d5 3. Nc3 Nc6 4. e5 f6 5. Bb5 a6 6. Bxc6+ {[%emt 0:01:50] C10: French with 3 Nc3: Unusual Black 3rd moves and 3...dxe4.} bxc6 7. Nf3 {[%emt 0:00:04] [#]} Ne7 $146 ({Predecessor:} 7... c5 8. O-O cxd4 9. Nxd4 c5 10. Nb3 Bb7 11. Re1 f5 12. Na4 Qc7 13. Bd2 c4 {0-1 (20) Yeletsky,I (2406)-Taboas Rodriguez,D (2357) Chess.com INT 2018}) 8. h4 {[%emt 0:00:05] White is more active.} ({White should play} 8. Na4 $16) 8... c5 $14 9. O-O (9. dxc5 $14 Nc6 10. exf6) 9... cxd4 $11 10. Qxd4 Nc6 11. Qf4 Be7 12. Qg3 fxe5 13. Qxg7 (13. Nxe5 Nxe5 14. Qxe5 O-O $17) 13... Bf6 14. Qh6 $36 {[%emt 0:00:04][%mdl 2048] White is pushing.} Qe7 $1 15. Bg5 Rf8 16. Nh2 (16. Rae1 $11) 16... Qf7 (16... Bb7 $15) 17. Bxf6 $14 Qxf6 18. Qxh7 Rh8 19. Qxc7 Bd7 20. g3 Ke7 $2 (20... Rg8 $14) 21. Ng4 $2 ({Better is} 21. Rad1 $18 {[%cal Od1d5] Threatens to win with Rxd5!} Rhc8 22. Qb6) 21... Qf5 (21... Qg7 $1 $11 {keeps the balance.} 22. Ne3 (22. f3 Rab8 $11) 22... Rac8) 22. Ne3 (22. f3 $1 $16) 22... Qh3 $1 $11 {[%emt 0:11:19][%cal Oh8h4] And now ...Rxh4! would win.} 23. Ncxd5+ exd5 24. Nxd5+ Kf7 $1 25. Qd6 $1 {[%emt 0:01:59] Hoping for Qf6+. Chess con chili.} Be6 26. Qc7+ $1 (26. Qxc6 {[#]} Rxh4 $1 27. Qb7+ Bd7 28. Qxd7+ Qxd7 29. f3 Qxd5 $1 30. Rad1 Qc5+ 31. Rf2 Rh1+ $3 32. Kg2 Rxd1 33. g4 Rh8 34. g5 Qe3 35. g6+ Kxg6 36. Rf1 Rd2+ 37. Kg3 Qg5#) 26... Bd7 27. Qd6 $1 {[%emt 0:00:03] aiming for Qf6+.} Qe6 {[%emt 0:00:00] Against Qf6+} (27... Be6 $5 28. Qc7+ (28. Qxc6 Rxh4 29. Qb7+ Bd7) 28... Bd7 $11) 28. Qxe6+ Bxe6 29. Nc7 Rag8 30. Nxe6 Kxe6 31. Kg2 Rxh4 32. Rh1 Rxh1 33. Rxh1 $15 {[%emt 0:00:03][%mdl 4096] Endgame KRN-KR} a5 34. c3 Kd5 35. Rd1+ Ke6 36. Kf3 Rf8+ 37. Ke3 Ne7 38. Rh1 (38. c4 $11) 38... Nd5+ $19 39. Ke2 Rb8 40. Rh6+ Kf5 (40... Kf7 $17 41. Kf3 Rxb2) 41. Rh5+ $15 Kf6 42. Rh6+ (42. f4 $1 $15) 42... Kg5 ({Black should try} 42... Kf7 $17 43. Ra6 Rxb2+ 44. Kf3 Rxa2) 43. Ra6 $1 {[%emt 0:04:24] Black is slightly better.} Rxb2+ 44. Kd3 $1 Rxa2 {[%emt 0:04:11] White must now prevent ...Kf5.} 45. Kc4 Nf6 {[%emt 0:07:15] ...e4 is the strong threat.} (45... Rxf2 46. Kxd5 Rf3 47. Kxe5 Rxc3 48. Rxa5 Rxg3 49. Ra4 $11) 46. f4+ $1 exf4 47. gxf4+ Kf5 {[%emt 0:00:04] Strongly threatening ...Ne4.} ({But not} 47... Kxf4 48. Rxf6+ Ke3 49. Ra6 $11) 48. Kb3 Ra1 49. Kb2 Rg1 50. Rxa5+ Kxf4 51. Ra8 Ke5 52. Kb3 Ne4 53. Ra5+ Kd6 54. Kc4 Rg4 55. Ra6+ Kc7 56. Rh6 Rg3 57. Ra6 Kb7 ({Don't play} 57... Rxc3+ 58. Kd4 $11) ({Of course not} 57... Nxc3 58. Ra7+ Kd8 59. Ra8+ Ke7 60. Ra7+ Kf8 61. Ra8+ Kg7 62. Ra7+ Kh8 63. Ra8+ Rg8 64. Rxg8+ Kxg8 $11) 58. Ra3 Kb6 59. Kd4 Nd6 {[%emt 0:01:42] ( -> ...Nb5+)} 60. Ra8 Nb5+ 61. Ke5 Rxc3 62. Rh8 Re3+ 63. Kd5 Rd3+ 64. Ke4 Rd1 65. Ke5 Kc6 66. Rc8+ Nc7 67. Ke4 Rd7 68. Rh8 Kc5 69. Rh1 Nb5 70. Rc1+ Kb4 71. Ke5 Re7+ 72. Kf6 Re2 73. Rc8 Nd6 {[%emt 0:00:39] Weighted Error Value: White=0.19 (very precise) /Black=0.18 (very precise)} 1/2-1/2

[Event "2nd Doppelbauer Kiel GM 2022"]
[Site "Kiel"]
[Date "2022.06.30"]
[Round "3.2"]
[White "Rosner, Jonas"]
[Black "Bogner, Sebastian"]
[Result "0-1"]
[ECO "E62"]
[WhiteElo "2469"]
[BlackElo "2553"]
[Annotator "TA"]
[PlyCount "78"]
[EventDate "2022.06.30"]
[EventType "tourn"]
[EventCountry "GER"]
[SourceTitle "playchess.com"]
[Source "ChessBase"]
[SourceQuality "1"]
[TimeControl "40/5400+30:1800+30"]

1. d4 Nf6 2. Nf3 g6 3. c4 Bg7 4. g3 O-O 5. Bg2 d6 6. Nc3 Nc6 7. O-O e5 8. dxe5 dxe5 $1 {[%emt 0:00:02] The main line 8...dxe5 scores better than 8...Nxe5.} 9. Bg5 Be6 10. Nd2 h6 {[%emt 0:07:40] E62: King's Indian: Fianchetto: 6...c6 and Panno Variation (6...Nc6) without ...a6.} 11. Bxf6 Bxf6 12. Nde4 Be7 {[%emt 0:04:34] White is slightly better.} 13. Qc1 Kg7 14. Rd1 Qe8 15. Nd5 Bd8 16. e3 {[%emt 0:15:35] [#]} (16. Qc3 $14) 16... Nb8 $146 (16... f5 $5 17. Nc5 Bc8 $14) ({Predecessor:} 16... b6 17. Qc3 Rc8 18. b4 f6 19. a4 Ne7 20. f4 Nxd5 21. cxd5 Bd7 22. a5 f5 23. fxe5 fxe4 24. Bxe4 {1-0 (77) Arsovic,G (2380)-Lazov,T (2335) Skopje 2018}) 17. Nc5 {[%emt 0:10:26] Pair of Knights!} Bc8 {[%emt 0:02:47] [#]} 18. Nxb7 $1 Bxb7 {[%emt 0:01:19] [#]} 19. Nxc7 Bxc7 20. Bxb7 Nc6 {[%emt 0:00:10] ...Rb8 is the strong threat.} 21. Bxa8 Qxa8 22. Qc3 a5 23. Rd5 (23. a3 $14) 23... Bd8 $11 24. Rad1 Bf6 25. Rd6 Rc8 26. c5 h5 27. h4 Rc7 28. b3 Qc8 {[%emt 0:01:28][%mdl 1024] Black has compensation.} 29. Kg2 {[%emt 0:07:03] [#]} (29. Qd2 $11 {keeps the balance.}) 29... Qf5 $1 $17 ({Inferior is} 29... Nb4 30. c6 $11) 30. Qd2 (30. Qc4 $17 {is a better defense.}) 30... e4 $19 31. Rd7 Rc8 32. Qd5 $2 (32. Qe2) 32... Ne5 {[%emt 0:00:15] Strongly threatening ...Qf3+. Black is clearly winning.} 33. Rd6 Be7 {[%emt 0:01:07][%mdl 64] Skewer} 34. Rb6 Rd8 35. Rd6 Bxd6 36. cxd6 Nd3 37. Qxf5 gxf5 38. Rd2 Rxd6 {[%emt 0:00:09] ( -> ...Ne1+)} 39. Kf1 {[%emt 0:00:21] Against Ne1} Rc6 {[%emt 0:00:07] Inhibits Rc2.  Weighted Error Value: White=0.41/Black=0.09 (flawless)} 0-1